 Dungeon Crawl Stone Soup version 0.28.0-53-g5a82cb258f (webtiles) character file.

Game seed: 15771890741586571281

10679 safid the Severer (level 11, -7/104 HPs)
             Began as a Hill Orc Fighter on Aug 12, 2022.
             Was a Believer of Beogh.
             Mangled by a two-headed ogre
             ... wielding a +0 giant club
              (14 damage)
             ... on level 10 of the Dungeon.
             The game lasted 00:20:11 (12332 turns).

safid the Severer (Hill Orc Fighter)               Turns: 12332, Time: 00:20:11

Health: -7/104     AC: 20    Str: 29    XL:     11   Next: 65%
Magic:  11/11      EV:  9    Int:  8    God:    Beogh [**....]
Gold:   572        SH:  4    Dex: 10    Spells: 10/10 levels left

rFire   . . .      SeeInvis +   G - +9 mace "Kereoz" {vamp, rF- rCorr Str+5}
rCold   . . .      Faith    .   c - +0 buckler
rNeg    . . .      Spirit   .   f - +1 plate armour {rF+}
rPois   .          Reflect  .   (no helmet)
rElec   .          Harm     .   B - +0 cloak
rCorr   +          Rampage  +   z - +0 pair of gloves
Will    .....                   e - +2 pair of boots {rampage}
Stlth   ..........              (no amulet)
HPRegen 0.27/turn               q - ring of see invisible
MPRegen 0.12/turn               (no ring)

@: about to teleport, slowed, very slow
A: no striking features
a: Renounce Religion, Smiting


You were on level 10 of the Dungeon.
You worshipped Beogh.
Beogh was pleased with you.
You visited 1 branch of the dungeon, and saw 11 of its levels.
You also visited: Bailey.

You collected 572 gold pieces.

Inventory:

Hand Weapons
 a - a +0 war axe
 G - the +9 mace "Kereoz" (weapon) {vamp, rF- rCorr Str+5}
   (You found it on level 8 of the Dungeon)

   It occasionally heals its wielder for a portion of the damage dealt when it
   wounds a living foe.
   Str:       It affects your strength (+5).
   rF:        It makes you vulnerable to fire.
   rCorr:     It protects you from acid and corrosion.
 I - the +2 trident "Cihim" {elec, rF+ Dex+3 SInv}
   (You found it on level 9 of the Dungeon)

   It occasionally discharges a powerful burst of electricity upon striking a
   foe.
   Dex:       It affects your dexterity (+3).
   rF:        It protects you from fire.
   SInv:      It lets you see invisible.
Missiles
 w - 9 poisoned darts (quivered)
 y - 2 curare-tipped darts
 F - 4 javelins
Armour
 c - a +0 buckler (worn)
 e - a +2 pair of boots of rampaging (worn)
 f - a +1 plate armour of fire resistance (worn)
 z - a +0 pair of gloves (worn)
 B - a +0 cloak (worn)
Jewellery
 q - a ring of see invisible (left hand)
Wands
 m - a wand of paralysis (3)
 n - a wand of digging (6)
 t - a wand of polymorph (12)
 A - a wand of flame (15)
Scrolls
 b - 3 scrolls of fear
 d - a scroll of vulnerability
 h - a scroll of silence {unknown}
 j - a scroll of blinking {unknown}
 k - 4 scrolls of enchant weapon
 l - a scroll of amnesia {unknown}
 r - 4 scrolls of teleportation
 u - a scroll of holy word {unknown}
 C - 3 scrolls of immolation
 D - a scroll of fog {unknown}
 H - a scroll of brand weapon {unknown}
 K - a scroll of enchant armour {unknown}
Potions
 g - a potion of lignification {unknown}
 i - a potion of haste {unknown}
 o - 2 potions of resistance {unknown}
 p - 3 potions of brilliance {unknown}
 s - 4 potions of mutation
 v - a potion of curing
 x - a potion of ambrosia {unknown}
 E - 3 potions of attraction {unknown}
 L - a potion of degeneration {unknown}


   Skills:
 - Level 12.0 Fighting
 - Level 16.0 Axes
 + Level 7.9 Armour
 + Level 5.0 Dodging
 - Level 4.0 Shields


You had 10 spell levels left.
You didn't know any spells.
Your spell library contained the following spells:

 Spells                   Type           Power      Damage    Failure   Level
 Blink                    Tloc           0%         N/A       100%        2
 Scorch                   Fire           0%         2d5       100%        2
 Lesser Beckoning         Tloc           0%         N/A       100%        3
 Flame Wave               Conj/Fire      0%         2d4       100%        4
 Fireball                 Conj/Fire      0%         3d3       100%        5
 Iskenderun's Battlesphe  Conj           0%         2d6       100%        5
 Manifold Assault         Tloc           0%         N/A       100%        5
 Conjure Ball Lightning   Conj/Air       0%         3x3d6     100%        6
 Dispersal                Tloc           0%         N/A       100%        6
 Summon Cactus Giant      Summ           0%         N/A       100%        6
 Orb of Destruction       Conj           0%         9d5       100%        7
 Discord                  Hex            0%         N/A       100%        8
 Disjunction              Tloc           0%         N/A       100%        8


Dungeon Overview and Level Annotations

Branches:
Dungeon (11/15)            Temple (0/1) D:4          Bailey (visited)
   Lair: D:8-11         Orc: D:9-12

Altars:
Fedhas
Kikubaaqudgha
Makhleb
Qazlal
Ru
Trog
Uskayaw
The Shining One

Shops:
D:4 =   D:6 [

Annotations:
D:9 3 runed translucent doors, exclusion: ice statue, Renzlar's ghost, novice GnFi
D:10 Psyche
D:11 Grum


Message History

The wraith hits you. The wolf bites you but does no damage.
You block the yak's attack. The wolf bites you but does no damage.
Grum hits you but does no damage. Psyche misses you. The yak barely misses you.
You climb upwards.
There is a stone staircase leading down here.
You sock the wolf!
You feel better.
The wolf is heavily wounded.
The wolf closely misses you. The wolf barely misses you.
The wolf bites you but does no damage. You block the wolf's attack.
The wraith hits you but does no damage.
The two-headed ogre hits you with a +0 giant club!
The two-headed ogre closely misses you. Psyche barely misses you.
You block the wolf's attack. The yak gores you but does no damage.
The wolf bites you! The wolf completely misses you.
You hit the wolf.
You feel better.
The wolf is almost dead.
The wolf barely misses you. The wolf bites you but does no damage.
You block Psyche's attack. The wolf closely misses you.
The wraith hits you but does no damage. The yak gores you but does no damage.
The wolf bites you but does no damage. The wolf barely misses you.
The two-headed ogre hits you with a +0 giant club!!
The two-headed ogre hits you with a +0 giant club!
* * * LOW HITPOINT WARNING * * *
Psyche casts a cantrip, but nothing happens.
The wolf bites you.
* * * LOW HITPOINT WARNING * * *
The wraith hits you.
* * * LOW HITPOINT WARNING * * *
The wraith drains your vigour!
You feel as though you will be slow longer.
The yak closely misses you. The wolf closely misses you.
You block the wolf's attack.
As you read the scroll of teleportation, it crumbles to dust.
You feel strangely unstable. The wolf bites you.
* * * LOW HITPOINT WARNING * * *
The wolf stops to sniff the ground.
The wolf bites you but does no damage. Psyche hits you but does no damage.
The wolf closely misses you. The two-headed ogre closely misses you.
The two-headed ogre hits you with a +0 giant club!
You die...

##.##...............#..
#..#..###..........#.#
##.#..###..........#.#
#...................#
##....###.###.....###
#....# #.# #.#####
#..Y.###+###.#
##hWh..'_###.#######
#@@O###'###.#......
#h#Y# #.# #...#####
#.#.###.###...#####
#.#...............)
#.##.......##.#####
#.##.......##.#
#.##.......##.#
#.##.......##.#
#.###########.#


You could see a two-headed ogre, Psyche, 2 yaks, a wraith and 3 wolves.

Vanquished Creatures
  2 two-headed ogres
  2 death yaks (D:10)
  3 orc knights (Bailey)
  2 hornets
  10 yaks
  2 wyverns
  A steam dragon (D:9)
  Edmund (D:4)
  Duvessa (D:4)
  10 orc warriors
  3 ice beasts
  A black bear (D:5)
  2 sky beasts
  An ogre (D:4)
  A wolf (D:10)
  A centaur (D:7)
  A phantom (D:6)
  3 bullfrogs
  A kobold brigand (D:4)
  Blork the orc (D:6)
  2 gnoll sergeants
  A scorpion (D:4)
  A wyvern zombie (D:5)
  Dowan (D:4)
  A water moccasin skeleton (D:7)
  8 killer bees
  8 wights
  4 howler monkeys
  5 centaur zombies
  A jelly (D:7)
  4 hounds
  2 orc priests
  2 bullfrog skeletons
  2 iguanas (D:5)
  5 orc wizards
  A killer bee zombie (D:7)
  25 gnolls
  2 adders (D:4)
  A shadow imp (D:6)
  An ufetubus (D:4)
  A worm (D:5)
  A dart slug (D:3)
  23 orcs
  5 endoplasms
  A giant cockroach (D:1)
  19 goblins
  16 hobgoblins
  8 kobolds
  2 quokkas
  4 ball pythons
  7 bats
  4 frilled lizards
  8 rats
225 creatures vanquished.

Vanquished Creatures (others)
  3 orcs
  A ball python (D:4)
4 creatures vanquished.

Grand Total: 229 creatures vanquished

Notes
Turn   | Place    | Note
-------+----------+-------------------------------------------
     0 | D:1      | safid the Hill Orc Fighter began the quest for the Orb.
     0 | D:1      | Reached XP level 1. HP: 19/19 MP: 1/1
   114 | D:1      | Reached XP level 2. HP: 26/27 MP: 2/2
   157 | D:1      | Reached skill level 3 in Axes
   394 | D:1      | Reached XP level 3. HP: 33/33 MP: 3/3
   823 | D:2      | Reached skill level 4 in Axes
   823 | D:2      | Reached XP level 4. HP: 15/40 MP: 4/4
  1098 | D:2      | Found a faded altar of an unknown god.
  1524 | D:3      | Reached skill level 5 in Axes
  1524 | D:3      | Reached XP level 5. HP: 40/46 MP: 5/5
  1945 | D:4      | Reached skill level 6 in Axes
  2053 | D:4      | Found Berun's Jewellery Shoppe.
  2085 | D:4      | Reached skill level 7 in Axes
  2085 | D:4      | Reached XP level 6. HP: 38/52 MP: 6/6
  2265 | D:4      | Noticed Dowan
  2266 | D:4      | Noticed Duvessa
  2273 | D:4      | Killed Duvessa
  2274 | D:4      | Killed Dowan
  2275 | D:4      | Reached skill level 8 in Axes
  2502 | D:4      | Found a staircase to the Ecumenical Temple.
  2538 | D:4      | Became a worshipper of Beogh the Brigand
  2543 | D:4      | Reached XP level 7. HP: 57/59 MP: 7/7
  2846 | D:5      | Entered Level 5 of the Dungeon
  2902 | D:5      | Reached skill level 9 in Axes
  2999 | D:5      | Noticed Edmund
  3029 | D:4      | Reached skill level 10 in Axes
  3193 | D:4      | Killed Edmund
  3194 | D:4      | Reached skill level 11 in Axes
  3194 | D:4      | Reached XP level 8. HP: 22/66 MP: 8/8
  3599 | D:5      | Found a blossoming altar of Fedhas.
  3661 | D:5      | Noticed a yak
  3661 | D:5      | Noticed a yak
  3661 | D:5      | Noticed a yak
  3661 | D:5      | Noticed a yak
  3667 | D:5      | Noticed a yak
  3670 | D:5      | Killed a yak
  3684 | D:5      | Killed a yak
  3685 | D:5      | Reached skill level 12 in Axes
  3696 | D:5      | Killed a yak
  3697 | D:5      | Reached skill level 13 in Axes
  3699 | D:5      | Reached * piety under Beogh
  3735 | D:4      | Killed a yak
  4011 | D:5      | Killed a yak
  4012 | D:5      | Reached skill level 14 in Axes
  4012 | D:5      | Reached XP level 9. HP: 68/71 MP: 9/9
  4751 | D:6      | Found Cedoler's Antique Armour Shop.
  5067 | D:6      | Noticed Blork the orc
  5073 | D:6      | Killed Blork the orc
  5074 | D:6      | Reached skill level 15 in Axes
  5576 | D:7      | Reached skill level 16 in Axes
  5923 | D:7      | Reached skill level 5 in Fighting
  5957 | D:7      | Identified the +1 leather armour of the Goldsmith {Harm rN+
                  | Int-3 Stlth+}
  6473 | D:7      | Reached XP level 10. HP: 61/84 MP: 10/10
  6813 | D:7      | Reached ** piety under Beogh
  7012 | D:7      | Found a bloodstained altar of Trog.
  7017 | D:7      | Found a stormy altar of Qazlal.
  7059 | D:8      | Found a burning altar of Makhleb.
  7142 | D:8      | Found an ancient bone altar of Kikubaaqudgha.
  7162 | D:8      | Identified the +9 mace "Kereoz" {vamp, rF- rCorr Str+5}
  8333 | D:9      | Found a hide-covered altar of Uskayaw.
  8409 | D:9      | Noticed a two-headed ogre
  8410 | D:9      | Identified the +2 trident "Cihim" {elec, rF+ Dex+3 SInv}
  8422 | D:9      | Killed a two-headed ogre
  8423 | D:9      | Reached skill level 10 in Fighting
  8713 | D:9      | Found a runed translucent gate.
  8714 | D:9      | Found a runed translucent gate.
  8714 | D:9      | Noticed Renzlar's ghost (novice GnFi)
  8715 | D:9      | Found a runed translucent gate.
  8726 | D:9      | Paralysed by a hornet for 3 turns
  8941 | D:9      | Noticed an ice statue
  9143 | D:9      | Found a sacrificial altar of Ru.
  9933 | D:9      | Noticed a ten-headed hydra
  9963 | D:10     | Entered Level 10 of the Dungeon
  9976 | D:10     | Reached skill level 1 in Dodging
 10010 | D:10     | Found a glowing golden altar of the Shining One.
 10028 | D:10     | Found a flagged portal.
 10069 | Bailey   | Entered a bailey
 10216 | Bailey   | Reached XP level 11. HP: 104/104 MP: 11/11
 10245 | Bailey   | Reached skill level 5 in Armour
 10387 | Bailey   | Noticed an orc knight
 10431 | Bailey   | Killed an orc knight
 10479 | Bailey   | Noticed an orc knight
 10519 | Bailey   | Killed an orc knight
 10705 | Bailey   | Noticed an orc knight
 10713 | Bailey   | Reached *** piety under Beogh
 10728 | Bailey   | Killed an orc knight
 10955 | Bailey   | Noticed an orc warlord
 10956 | Bailey   | Noticed an orc knight
 11508 | D:10     | Noticed a two-headed ogre
 11515 | D:10     | Killed a two-headed ogre
 12006 | D:11     | Noticed a death yak
 12007 | D:11     | Noticed a death yak
 12008 | D:11     | Noticed a death yak
 12023 | D:11     | Noticed a death yak
 12034 | D:10     | Killed a death yak
 12047 | D:10     | Killed a death yak
 12294 | D:11     | Noticed Grum
 12294 | D:11     | Noticed a two-headed ogre
 12294 | D:11     | Noticed Psyche
 12301 | D:10     | Reached skill level 5 in Dodging
 12327 | D:11     | Noticed a two-headed ogre
 12332 | D:10     | Mangled by a two-headed ogre

Illustrated notes

Levels and vault maps discovered:
D:1:      dpeg_arrival_rooms_b, layout_basic
D:2:      layout_rooms, chequers_ecumenical_altar_grove,
          nicolae_figureground_sparkle
D:3:      layout_rooms
D:4:      layout_rooms, minmay_temple_entry_antechambers, serial_shops,
          nicolae_shop_statue_plus, uniq_duvessa
D:5:      layout_basic, lemuel_coloured_pillars_altar, uniq_edmund
D:6:      layout_loops_ring, serial_shops, nicolae_lakefront_shop,
          uniq_blork_the_orc
D:7:      layout_cave_pools, minitemple, eino_jars
D:8:      layout_basic, mainiacjoe_overflow_catwalk, old_standard_altar
D:9:      layout_irregular_city, nicolae_ru_the_path_less_chosen,
          mainiacjoe_overflow_24_doors, gammafunk_ghost_hydra_chop, st_stairs_7,
          minivault_16, palyth_stone_intersect, minmay_tree_intersection
D:10:     layout_basic, lemuel_doored_altar, enter_bailey_5
D:11:     layout_rooms, dpeg_lair_monsters, grunt_decor_junction, uniq_grum,
          uniq_erolcha, uniq_psyche

Skill      XL: |  1  2  3  4  5  6  7  8  9 10 11 |
---------------+----------------------------------+-----
Axes           | 3 4 5 7 8 11 14 16 | 16.0
Fighting       | 4 7 12 | 12.0
Armour         | 4 7 |  7.9
Shields        | 4 |  4.0
Dodging        | 1 5 |  5.0

Action                   |  1- 3 |  4- 6 |  7- 9 | 10-12 || total
-------------------------+-------+-------+-------+-------++-------
Melee: War axe           |    97 |    98 |   317 |    54 ||   566
       Mace              |       |       |       |   329 ||   329
Throw: Dart              |       |       |       |     8 ||     8
       Throwing net      |       |       |       |     3 ||     3
Invok: Convert to Beogh  |       |     1 |       |       ||     1
       Smiting           |       |       |       |     3 ||     3
  Use: Potion            |       |     1 |     4 |     6 ||    11
       Scroll            |       |       |     8 |     4 ||    12
 Stab: Invisible         |       |       |       |     5 ||     5
Armor: Scale mail        |    22 |       |       |       ||    22
       Plate armour      |    37 |    78 |   173 |   212 ||   500
Dodge: Dodged            |    41 |    31 |    72 |   130 ||   274
Block: Buckler           |    15 |    16 |    71 |    80 ||   182
